 Dungeon Crawl Stone Soup version 0.16.0-16-g311141a (webtiles) character file.

13185 timbw the Unseen (level 11, -6/47 HPs)
             Began as a Spriggan Ice Elementalist on Mar 20, 2015.
             Killed from afar by a deep elf conjurer (15 damage)
             ... with a bolt of fire
             ... on level 15 of the Dungeon.
             The game lasted 00:41:01 (7995 turns).

timbw the Unseen (Spriggan Ice Elementalist)        Turns: 7995, Time: 00:41:01

Health: -6/47      AC:  5    Str:  2 (4)  XL:     11   Next: 72%
Magic:  24/24      EV: 32    Int: 16      God:
Gold:   495        SH:  0    Dex: 21      Spells: 1 memorised, 14 levels left

rFire  + . .     SeeInvis +     h - +0 dagger (drain)
rCold  . . .     Clarity  .     a - +1 robe
rNeg   . . .     SustAb   .     (shield restricted)
rPois  .         Gourm    .     K - +1 hat
rElec  .         Spirit   .     e - +0 cloak
rCorr  .         Warding  .     (gloves unavailable)
rMut   .         Stasis   .     (boots unavailable)
MR     +....                    P - amulet of rage
Stlth  +++++++++.               H - ring of teleport control
                                s - ring of protection from fire

@: very quick, somewhat resistant to hostile enchantments, incredibly stealthy
A: unfitting armour, see invisible, herbivore 3, speed 3, slow metabolism 2
a: Evoke Berserk Rage, Evoke Teleport Control


You were on level 15 of the Dungeon.
You were very hungry.

You visited 2 branches of the dungeon, and saw 16 of its levels.
You also visited: Labyrinth, Sewer and Ossuary.

You collected 735 gold pieces.
You spent 240 gold pieces at shops.

Inventory:

Hand weapons
 h - a +0 dagger of draining (weapon)
Missiles
 i - 36 poisoned needles
 q - 7 curare-tipped needles
Armour
 a - a +1 robe (worn)
 e - a +0 cloak (worn)
 B - the +1 robe "Reess" {Contam rElec rC- rN+ MP+9}
   (You found it in a labyrinth)

   It makes you vulnerable to cold.
   It insulates you from electricity.
   It protects you from negative energy.
   It affects your magic capacity (+9).
   It causes magical contamination when unequipped.
 K - a +1 hat (worn)
Jewellery
 s - a ring of protection from fire (left hand)
 w - an uncursed amulet of resist mutation
 E - an uncursed ring of magical power
 F - an uncursed ring of teleportation
 H - a ring of teleport control (right hand)
 P - an amulet of rage (around neck)
Magical devices
 z - a wand of lightning (5)
 C - a wand of random effects (9)
 D - a wand of paralysis (11)
 J - a wand of random effects (30)
 L - a wand of digging (12)
 N - a wand of disintegration (15)
 O - a wand of fire (11)
 U - a wand of fire (6)
 V - a wand of cold (10)
 X - a wand of magic darts (22)
 Y - a wand of flame (36)
 Z - a wand of cold (5)
Scrolls
 g - 7 scrolls of remove curse
 j - 2 scrolls of fear
 k - 4 scrolls of enchant armour
 l - a scroll of torment
 o - a scroll of random uselessness
 r - 5 scrolls of teleportation
 t - 4 scrolls of fog
 v - 2 scrolls of identify
 y - 2 scrolls of blinking
 Q - 2 scrolls of amnesia
Potions
 d - 3 potions of brilliance
 m - 5 potions of curing
 n - 2 potions of magic {unknown}
 p - 2 potions of heal wounds
 u - 6 potions of restore abilities
 x - a potion of haste
 A - 2 potions of resistance
 G - 2 potions of poison
 I - a potion of mutation
 S - a potion of cancellation {unknown}
 T - 2 potions of agility
 W - a potion of invisibility
Books
 b - a book of Frost

   Spells                             Type                      Level
   a - Freeze                         Ice                          1
   b - Throw Frost                    Conjuration/Ice              2
   c - Ozocubu's Armour               Charms/Ice                   3
   d - Throw Icicle                   Conjuration/Ice              4
   e - Summon Ice Beast               Ice/Summoning                4
   f - Condensation Shield            Ice                          4
 M - Kikubaaqudgha's Compendium of Necromancy
   (You found it on level 13 of the Dungeon)

   Spells                             Type                      Level
   a - Animate Skeleton               Necromancy                   1
   b - Vampiric Draining              Necromancy                   3
   c - Control Undead                 Necromancy                   4
   d - Excruciating Wounds            Charms/Necromancy            5
   e - Simulacrum                     Ice/Necromancy               6
 R - a Grand Grimoire {highlevel, unknown}

   This book is beyond your current level of understanding.

   Spells                             Type                      Level
   a - Aura of Abjuration             Summoning                    6
   b - Summon Greater Demon           Summoning                    7
   c - Malign Gateway                 Summoning/Translocation      7
   d - Summon Horrible Things         Summoning                    8
Comestibles
 c - 4 bread rations
 f - 2 fruits


   Skills:
 + Level 10.4 Short Blades
 + Level 13.0 Dodging
 * Level 19.2 Stealth
 - Level 2.6 Spellcasting
   Level 0.6 Conjurations
 - Level 2.4 Ice Magic


You had 14 spell levels left.
You knew the following spells:

 Your Spells              Type           Power        Failure   Level  Hunger
a - Freeze                Ice            #...         10%         1    #......


Dungeon Overview and Level Annotations

Branches:
Dungeon (15/15)            Temple (1/1) D:5             Orc (0/4) D:11
 Vaults (0/5) D:13
   Lair: D:8-11      Depths: D:15

Altars:
Ashenzari
Cheibriados
Dithmenos
Elyvilon
Fedhas
Kikubaaqudgha
Makhleb
Nemelex Xobeh
Okawaru
Qazlal
Ru
Sif Muna
Trog
Vehumet
Xom
Zin
The Shining One

Shops:
D:5 (?(

Annotations:
D:5 valak23's ghost, average DrCj
D:12 Josephine
D:13 Urug


Innate Abilities, Weirdness & Mutations

You are tiny and cannot use many weapons and most armour.
You have supernaturally acute eyesight.
You are a herbivore.
You cover ground extremely quickly.
You need consume almost no food.


Message History

You see here a scroll of identify.
v - 2 scrolls of identify (gained 1)
The deep elf conjurer shouts!
You hear a shout!
The deep elf conjurer misses you.
You barely miss the deep elf conjurer. You closely miss the deep elf conjurer.
The deep elf conjurer misses you.
You barely miss the deep elf conjurer.
You completely miss the deep elf conjurer.
You hit the deep elf conjurer but do no damage.
The deep elf conjurer points at you and mumbles some strange words.
The bolt of cold hits you!
Ouch! That really hurt!
You hit the deep elf conjurer but do no damage.
You hit the deep elf conjurer.
The deep elf conjurer is lightly wounded.
The deep elf conjurer hits you with a long sword.
* * * LOW HITPOINT WARNING * * *
The deep elf conjurer gestures at you while chanting.
The bolt of fire hits you! You resist.
You die...

. ....+ $....#
......# #######
#......###.....##
#......##...e[..#
#......#.@#####..#
#......#..#
#......'.)#
###+#.#.#..#
#.......#..#
#.......##...
#......####...
#......########
#............#


You could see a deep elf conjurer.

Vanquished Creatures
  A minotaur (Lab)
  A tengu warrior (D:14)
  A wizard (D:13)
  2 hill giants
  A deep elf conjurer (D:15)
  An ugly thing (D:12)
  2 centaur zombies
  3 gargoyles (Lab)
  A troll (D:13)
  A freezing wraith (D:15)
  2 ravens (D:14)
  2 slime creatures (D:12)
  2 wyverns
  8 yaks
  2 trapdoor spiders (Lab)
  A basilisk (D:13)
  4 hungry ghosts
  A deep elf mage (D:9)
  2 spriggans (shapeshifter) (D:13)
  A hippogriff (D:12)
  Grum (D:8)
  A mottled dragon (D:13)
  2 wolves (D:8)
  Edmund (D:6)
  3 ice beasts
  A soldier ant (shapeshifter) (D:13)
  Purgy (Sewer)
  A sky beast (D:12)
  An eye of draining (D:12)
  2 ogres
  A centaur (D:13)
  2 crocodiles (D:13)
  2 giant frogs
  A water moccasin skeleton (D:6)
  A scorpion (D:6)
  6 wights
  A giant frog skeleton (D:13)
  6 hounds
  3 jellies
  A giant frog zombie (D:6)
  2 goliath beetles (D:6)
  2 centaur skeletons
  2 crimson imps
  A quasit (D:10)
  An iguana (D:9)
  5 orc priests
  10 worker ants
  An orc wizard (D:9)
  A big kobold zombie (Ossuary)
  2 hound zombies (D:5)
  14 adders
  6 giant mites
  5 giant geckos
  11 orcs
  3 ball pythons
  6 giant cockroaches
  13 goblins
  8 hobgoblins
  10 jackals
  10 kobolds
  16 bats
  7 giant newts
  2 hobgoblin zombies (Ossuary)
  A jackal skeleton (D:5)
  A kobold zombie (Ossuary)
  An orc zombie (Ossuary)
  2 quokkas
  7 rats
227 creatures vanquished.

Vanquished Creatures (others)
  A warg (D:8)
  An orc (D:8)
  A giant spore (D:8)
  A ballistomycete (D:8)
4 creatures vanquished.

Grand Total: 231 creatures vanquished

Notes
Turn   | Place    | Note
--------------------------------------------------------------
     0 | D:1      | timbw, the Spriggan Ice Elementalist, began the quest for the Orb.
     0 | D:1      | Reached XP level 1. HP: 9/9 MP: 4/4
   228 | D:1      | Reached skill level 4 in Stealth
   239 | D:1      | Reached XP level 2. HP: 10/13 MP: 0/7
   407 | D:1      | Reached skill level 5 in Stealth
   473 | D:2      | Reached skill level 1 in Short Blades
   473 | D:2      | Reached XP level 3. HP: 6/16 MP: 3/9
   770 | D:2      | Found a burning altar of Makhleb.
   772 | D:2      | Found a white marble altar of Elyvilon.
   775 | D:2      | Found a snail-covered altar of Cheibriados.
   775 | D:2      | Found a glowing golden altar of the Shining One.
   961 | D:2      | Reached XP level 4. HP: 21/21 MP: 8/12
  1115 | D:4      | Reached skill level 6 in Stealth
  1123 | D:5      | Entered Level 5 of the Dungeon
  1156 | D:5      | Noticed valak23's ghost (average DrCj)
  1172 | D:4      | Reached XP level 5. HP: 24/24 MP: 14/14
  1513 | D:4      | Found a sand-covered staircase.
  1517 | Ossuary  | Entered an ossuary
  1673 | D:4      | Reached skill level 7 in Stealth
  1734 | D:4      | Reached XP level 6. HP: 15/28 MP: 9/17
  1782 | D:5      | Found Yxarusch's Antique Weapon Emporium.
  1827 | D:5      | Found Kiur's Magic Scroll Shoppe.
  1830 | D:5      | Bought a scroll of brand weapon for 240 gold pieces
  1846 | D:5      | Reached skill level 8 in Stealth
  1951 | D:5      | Found a staircase to the Ecumenical Temple.
  1961 | Temple   | Entered the Ecumenical Temple
  1998 | D:5      | Found Iral's Antique Weapon Shop.
  2216 | D:5      | Noticed an ice beast
  2218 | D:5      | Killed an ice beast
  2218 | D:5      | Reached skill level 5 in Dodging
  2309 | D:6      | Reached skill level 9 in Stealth
  2309 | D:6      | Reached XP level 7. HP: 32/32 MP: 18/19
  2408 | D:6      | Noticed Edmund
  2414 | D:6      | Killed Edmund
  2465 | D:6      | Reached skill level 10 in Stealth
  2678 | D:6      | Found an ancient bone altar of Kikubaaqudgha.
  2731 | D:6      | Reached skill level 5 in Short Blades
  2819 | D:6      | Found a glowing drain.
  2832 | Sewer    | Entered a sewer
  2926 | Sewer    | Noticed Purgy
  2928 | Sewer    | Killed Purgy
  2928 | Sewer    | Reached XP level 8. HP: 24/36 MP: 20/20
  3101 | D:7      | Reached skill level 11 in Stealth
  3133 | D:7      | Noticed a brown ugly thing
  3863 | D:8      | Noticed Grum
  3905 | D:8      | Killed Grum
  3905 | D:8      | Reached skill level 12 in Stealth
  4165 | D:9      | Reached skill level 13 in Stealth
  4165 | D:9      | Reached XP level 9. HP: 11/39 MP: 22/22
  4686 | D:10     | Entered Level 10 of the Dungeon
  4879 | D:11     | Noticed a hill giant
  4880 | D:11     | Killed a hill giant
  4880 | D:11     | Reached skill level 14 in Stealth
  4908 | D:11     | Found a deep blue altar of Sif Muna.
  4915 | D:11     | Found a staircase to the Orcish Mines.
  5053 | D:12     | Noticed a purple ugly thing
  5055 | D:12     | Killed a purple ugly thing
  5070 | D:12     | Noticed a centaur zombie
  5072 | D:12     | Reached skill level 10 in Dodging
  5072 | D:12     | Reached skill level 15 in Stealth
  5076 | D:12     | Noticed a white ugly thing
  5077 | D:12     | Noticed a brown ugly thing
  5240 | D:12     | Reached XP level 10. HP: 28/44 MP: 23/23
  5331 | D:12     | Noticed Josephine
  5646 | D:13     | Reached skill level 16 in Stealth
  5705 | D:13     | Found a labyrinth entrance.
  5711 | D:13     | Noticed a wizard
  5734 | D:13     | Noticed Urug
  5748 | D:13     | Identified Kikubaaqudgha's Compendium of Necromancy (You found it on level 13 of the Dungeon)
  5806 | D:13     | Killed a wizard
  5806 | D:13     | Reached skill level 17 in Stealth
  5813 | Lab      | Entered a labyrinth
  5848 | Lab      | Got a steaming robe
  5860 | Lab      | Identified the +1 robe "Reess" {Contam rElec rC- rN+ MP+9} (You found it in a labyrinth)
  6606 | Lab      | Reached XP level 11. HP: 38/47 MP: 24/24
  6785 | Lab      | Noticed a minotaur
  6791 | Lab      | Killed a minotaur
  6822 | D:13     | Noticed an ettin
  6883 | D:13     | Noticed a hill giant
  6972 | D:14     | Reached skill level 18 in Stealth
  6999 | D:14     | Noticed a tengu warrior
  7004 | D:14     | Killed a tengu warrior
  7124 | D:12     | Reached skill level 10 in Short Blades
  7246 | D:12     | Killed a centaur zombie
  7537 | D:12     | Noticed a hill giant
  7831 | D:13     | Noticed a cyclops
  7878 | D:13     | Found a gate to the Vaults.
  7918 | D:13     | Noticed an eight-headed hydra
  7963 | D:15     | Entered Level 15 of the Dungeon
  7963 | D:15     | Noticed a hill giant
  7965 | D:15     | Killed a hill giant
  7965 | D:15     | Reached skill level 19 in Stealth
  7995 | D:15     | Killed from afar by a deep elf conjurer

Action                   |  1- 3 |  4- 6 |  7- 9 | 10-12 || total
-------------------------+-------+-------+-------+-------++-------
Melee: Dagger            |    57 |    68 |   389 |   344 ||   858
 Cast: Freeze            |    46 |    42 |       |       ||    88
  Use: Scroll            |       |     4 |    13 |     6 ||    23
       Potion            |       |       |     6 |     9 ||    15
 Stab: Sleeping          |     5 |    20 |    32 |    20 ||    77
       Distracted        |       |       |       |     3 ||     3
       Invisible         |       |       |       |     1 ||     1
  Eat: Bread ration      |       |       |     1 |       ||     1
       Fruit             |       |       |     1 |       ||     1
